 Dungeon Crawl Stone Soup version 0.29-a0-721-g7f417c9bbb (webtiles) character file.

Game seed: 11316078060093705039

60 ytrimaz the Covered (level 3, -5/29 HPs)
             Began as a Demonspawn Fighter on June 28, 2022.
             Slain by a gnoll
             ... wielding a +0 flail
              (9 damage)
             ... on level 3 of the Dungeon.
             The game lasted 00:02:20 (1787 turns).

ytrimaz the Covered (Demonspawn Fighter)            Turns: 1787, Time: 00:02:20

Health: -5/29      AC:  8    Str: 16    XL:     3   Next: 82%
Magic:  3/3        EV:  8    Int:  9    God:
Gold:   67         SH:  5    Dex: 14    Spells: 2/2 levels left

rFire   . . .      SeeInvis .   a - +1 rapier (chaos)
rCold   . . .      Faith    .   c - +0 buckler
rNeg    . . .      Spirit   .   b - +1 scale mail
rPois   .          Reflect  .   (no helmet)
rElec   .          Harm     .   (no cloak)
rCorr   .          Rampage  .   (no gloves)
Will    .....                   (no boots)
Stlth   ..........              e - amulet of the acrobat
HPRegen 0.09/turn               (no ring)
MPRegen 0.08/turn               (no ring)

@: no status effects
A: rugged brown scales 1
a: no special abilities


You were on level 3 of the Dungeon.
You visited 1 branch of the dungeon, and saw 3 of its levels.

You collected 67 gold pieces.

Inventory:

Hand Weapons
 a - a +1 rapier of chaos (weapon)
Armour
 b - a +1 scale mail (worn)
 c - a +0 buckler (worn)
Jewellery
 e - an amulet of the acrobat (around neck)
Scrolls
 f - 2 scrolls of blinking
 j - a scroll of amnesia
Potions
 d - a potion of might
 g - a potion of berserk rage
 h - a potion of magic {unknown}
 k - a potion of brilliance {unknown}
 l - a potion of heal wounds {unknown}
 m - a potion of curing {unknown}


   Skills:
 - Level 3.0 Fighting
 * Level 2.9 Short Blades
 + Level 3.3 Armour
 + Level 3.1 Shields


You had 2 spell levels left.
You didn't know any spells.
Your spell library contained the following spells:

 Spells                   Type           Power      Damage    Failure   Level
 Gell's Gravitas          Tloc           0%         N/A       99%         3
 Lesser Beckoning         Tloc           0%         N/A       99%         3
 Teleport Other           Tloc           0%         N/A       99%         3


Dungeon Overview and Level Annotations

Branches:
Dungeon (3/15)

Altars:


Innate Abilities, Weirdness & Mutations

You are partially covered in rugged brown scales. (AC +1, +3% HP)


Message History

You puncture the gnoll!
The gnoll is heavily wounded.
The gnoll closely misses you. You block the gnoll's attack.
You closely miss the gnoll.
The gnoll is heavily wounded.
The gnoll barely misses you.
You hit the gnoll but do no damage.
The gnoll is heavily wounded.
The gnoll hits you but does no damage.
You hit the gnoll but do no damage.
The gnoll is heavily wounded.
The gnoll hits you with a +0 halberd!
You puncture the gnoll!
You kill the gnoll!
You closely miss the gnoll. The gnoll hits you with a +0 flail.
* * * LOW HITPOINT WARNING * * *
You hit the gnoll.
The gnoll suddenly seems more agile.
The gnoll is moderately wounded.
You block the gnoll's attack.
Unknown command.
You closely miss the gnoll.
The gnoll is moderately wounded.
The gnoll hits you with a +0 flail.
* * * LOW HITPOINT WARNING * * *
Unknown command.
You completely miss the gnoll.
The gnoll is moderately wounded.
The gnoll hits you but does no damage.
Unknown command.
You closely miss the gnoll.
The gnoll is moderately wounded.
The gnoll barely misses you.
Unknown command.
The gnoll attacks as you move away! The gnoll barely misses you.
A hobgoblin comes into view.
You feel your willpower return.
The hobgoblin shouts!
You hear an angry hiss.
The hobgoblin misses you.
You barely miss the hobgoblin. The gnoll hits you with a +0 flail!
You die...

######.##
#.gg)...#
#@###..##
#######g##......
.......<......###
###..##.##...##
#. #.# .## .. ..#
# ## ###


You could see 2 gnolls and a hobgoblin.

Vanquished Creatures
  2 gnolls (D:3)
  2 worms (D:2)
  5 endoplasms
  2 giant cockroaches
  4 goblins
  5 hobgoblins (D:1)
  2 quokkas (D:1)
  2 ball pythons
  A bat (D:1)
  6 frilled lizards
  2 kobolds (D:2)
  2 rats (D:2)
35 creatures vanquished.

Notes
Turn   | Place    | Note
-------+----------+-------------------------------------------
     0 | D:1      | ytrimaz the Demonspawn Fighter began the quest for the Orb.
     0 | D:1      | Reached XP level 1. HP: 18/18 MP: 1/1
   111 | D:1      | Gained mutation: You are partially covered in rugged brown
                  | scales. (AC +1, +3% HP) [demonic ancestry]
   111 | D:1      | Reached XP level 2. HP: 18/24 MP: 2/2
   994 | D:2      | Reached XP level 3. HP: 16/29 MP: 3/3
  1787 | D:3      | Slain by a gnoll

Illustrated notes

Levels and vault maps discovered:
D:1:      scummos_arrival_simple_fountains, layout_rooms, interstate_on_off
D:2:      layout_basic
D:3:      layout_loops_corners, kennysheep_generic_room_16

Skill      XL: |  1  2 |
---------------+-------+-----
Short Blades   | 2 |  2.9
Armour         | 3 |  3.3
Shields        | 3 |  3.1
Fighting       | |  3.0

Action                   || total
-------------------------++-------
Melee: Rapier            ||    97
  Use: Scroll            ||     8
Armor: Scale mail        ||    22
Dodge: Dodged            ||    44
Block: Buckler           ||    13

Table legend: (Time is in decaauts)
 A = Elapsed time spent in this place.
 B = Non-inter-level travel time spent in this place.
 C = Inter-level travel time spent in this place.
 D = Time resting spent in this place.
 E = Time spent auto-exploring this place.
 F = Levels seen in this place.
 G = Mean time per level.
                   A        B        C        D        E       F      G
               +--------+--------+--------+--------+--------+-----+--------+
         Total |   1799 |   1762 |     37 |      0 |   1455 |   3 |  599.7 |
       Dungeon |   1799 |   1762 |     37 |      0 |   1455 |   3 |  599.7 |
               +--------+--------+--------+--------+--------+-----+--------+

Top non-repeatable levels by time:
     D:2: 912 daAuts
     D:1: 855 daAuts
     D:3: 31 daAuts
